 Dungeon Crawl Stone Soup version 0.31-a0-960-g0fca184906 (webtiles) character file.

Game seed: 5792078998421162393

9382 Newt the Markskobold (level 11, -8/71 HPs)
             Began as a Kobold Hunter on Oct 23, 2023.
             Was a High Priest of Okawaru.
             Shot with an arrow by a centaur warrior (19 damage)
             ... on level 9 of the Dungeon.
             The game lasted 00:13:14 (10946 turns).

Newt the Markskobold (Kobold Hunter)               Turns: 10946, Time: 00:13:15

Health: -8/71      AC: 10    Str: 11    XL:     11   Next: 73%
Magic:  17/17      EV: 17    Int: 10    God:    Okawaru [*****.]
Gold:   477        SH:  0    Dex: 24    Spells: 10/10 levels left

rFire   . . .        a - +6 shortbow (elec)
rCold   . . .        (shield currently unavailable)
rNeg    . . .        w - +0 acid dragon scales
rPois   .            (no helmet)
rElec   .            g - +2 cloak
rCorr   +            r - +0 pair of gloves
SInv    .            (no boots)
Will    +....        p - amulet "Juer" {Faith Str+3}
Stlth   +++++        m - ring of willpower
HPRegen 0.31/turn    d - ring of flight
MPRegen 0.15/turn

%: faith
@: flying
A: small, no large weapons, nightstalker 3
a: Renounce Religion, Heroism, Finesse, Duel


You were on level 9 of the Dungeon.
You worshipped Okawaru.
Okawaru was extremely pleased with you.
You visited 2 branches of the dungeon, and saw 10 of its levels.
You also visited: Ossuary and Bailey.

You collected 653 gold pieces.
You spent 176 gold pieces at shops.

Inventory:

Hand Weapons
 a - a +6 shortbow of electrocution (weapon)
 t - a +4 arbalest
Armour
 c - a +0 leather armour
 g - a +2 cloak (worn)
 n - a +3 chain mail of poison resistance
 r - a +0 pair of gloves (worn)
 w - +0 acid dragon scales (worn)
 x - +0 steam dragon scales
Jewellery
 d - a ring of flight (right hand)
 m - a ring of willpower (left hand)
 p - the amulet "Juer" (around neck) {Faith Str+3}
   (You found it on level 3 of the Dungeon)

   [amulet of faith]

   Faith:     It allows you to gain divine favour quickly.
   Str+3:     It affects your strength (+3).
Scrolls
 b - a scroll of butterflies
 o - a scroll of enchant armour
 u - a scroll of torment
 y - a scroll of immolation
 z - 2 scrolls of vulnerability
 A - a scroll of revelation
 C - a scroll of amnesia
 D - a scroll of teleportation
Potions
 e - 3 potions of attraction
 f - 2 potions of might
 h - a potion of brilliance
 i - 3 potions of curing
 j - a potion of invisibility
 k - 2 potions of haste
 l - 6 potions of lignification
 q - a potion of cancellation
 s - a potion of magic {unknown}
 v - 2 potions of mutation
 B - a potion of degeneration {unknown}


   Skills:
 + Level 9.6 Fighting
 - Level 15.0 Ranged Weapons
 - Level 5.0 Dodging
 - Level 9.0 Stealth
 - Level 9.0 Invocations


You had 10 spell levels left.
You didn't know any spells.
Your spell library contained the following spells:

 Spells                   Type           Power      Damage    Failure   Level
 Gell's Gravitas          Tloc           0%         N/A       87%         3
 Teleport Other           Tloc           0%         N/A       87%         3
 Volatile Blastmotes      Fire/Tloc      0%         2d10      87%         3
 Fulminant Prism          Conj/Hex       0%         3d5       99%         4
 Iskenderun's Mystic Bla  Conj/Tloc      0%         2d3       99%         4
 Passage of Golubria      Tloc           0%         N/A       99%         4
 Yara's Violent Unravell  Hex/Tmut       0%         3d3       100%        5
 Dispersal                Tloc           0%         N/A       100%        6
 Tukima's Dance           Hex            Unusable   N/A       N/A         3

Dungeon Overview and Level Annotations

Branches:
Dungeon (9/15)             Temple (1/1) D:6         Ossuary (visited)
 Bailey (visited)
   Lair: D:8-11         Orc: D:9-12

Altars:
Ashenzari
Cheibriados
Dithmenos
Elyvilon
Gozag
Hepliaklqana
Kikubaaqudgha
Makhleb
Nemelex Xobeh
Okawaru
Qazlal
Ru
Trog
Uskayaw
Vehumet
Wu Jian
Xom
Yredelemnul
The Shining One

Shops:
D:1 (   D:8 !

Annotations:
D:9 Amaemon


Innate Abilities, Weirdness & Mutations

You are small and have problems with some larger weapons.
You are completely attuned to the shadows.


Message History

Lightning courses through the centaur!
The centaur is moderately wounded.
The centaur shoots an arrow.
The arrow closely misses you.
The centaur warrior wields a +0 orcbow.
The centaur warrior shoots an arrow.
The arrow hits you.
There are monsters nearby!
You shoot an arrow. The arrow hits the centaur!
Lightning courses through the centaur!!
You kill the centaur!
Okawaru accepts your kill.
The centaur warrior shoots an arrow.
The arrow hits you!
You shoot an arrow. The arrow hits the centaur warrior!
The centaur warrior is moderately wounded.
The centaur warrior shoots an arrow.
The arrow barely misses you.
You shoot an arrow. The arrow hits the centaur warrior!
The centaur warrior is heavily wounded.
The centaur warrior shoots an arrow.
The arrow completely misses you.
You shoot an arrow. The arrow hits the centaur warrior.
Lightning courses through the centaur warrior!
The centaur warrior is almost dead.
The centaur warrior shoots an arrow.
The arrow hits you!!
* * * LOW HITPOINT WARNING * * *
You are too injured to fight recklessly!
Unknown command.
Fire: a) +6 shortbow (elec)
Press: ? - help, Shift-Dir - straight line, f/p - centaur warrior
Aim: a centaur warrior, wielding a +0 orcbow (almost dead, 80% to hit)
You shoot an arrow.
The arrow hits the centaur warrior but does no damage.
The centaur warrior is almost dead.
The centaur warrior shoots an arrow.
The arrow hits you!
* * * LOW HITPOINT WARNING * * *
Unknown command.
Fire: a) +6 shortbow (elec)
Press: ? - help, Shift-Dir - straight line, f/p - centaur warrior
Aim: a centaur warrior, wielding a +0 orcbow (almost dead, 80% to hit)
You shoot an arrow.
The arrow barely misses the centaur warrior.
The centaur warrior shoots an arrow.
The arrow hits you!!
You die...

###......#.............
#......#.............
#..#####.............
#.................
'#..#######......#####
..........####...#
.............#####.
...................
...†.@.............
....####''##.......
..c.#......#.......
†)..#......#...####
....#...[..#...#
#(.....#...#
########...# .....#
.....# #


You could see a centaur warrior.

Vanquished Creatures
  Erica (D:8)
  Pikel (D:8)
  An orc knight (Bailey)
  An orange demon (D:9)
  Psyche (D:8)
  A hornet (D:7)
  A wyvern (D:8)
  14 yaks
  A steam dragon (D:7)
  2 acid dragons
  2 water moccasins
  A black bear (D:4)
  2 sky beasts
  10 orc warriors
  An ice beast (D:7)
  2 ogres
  2 centaurs
  A phantom (D:5)
  An elf zombie (Ossuary)
  3 kobold brigands
  A lemure (D:8)
  3 bullfrogs
  2 gnoll sergeants
  4 scorpions
  12 wights
  9 killer bees (D:9)
  A gnoll bouda (D:7)
  A human zombie (Ossuary)
  3 hounds
  3 jellies
  An orc priest (D:9)
  A sleepcap (D:6)
  Jessica (D:2)
  3 iguanas
  3 orc wizards
  5 mummies
  15 gnolls
  6 adders
  A shadow imp (D:5)
  4 ufetubi (D:7)
  3 adder zombies (Ossuary)
  A worm (D:4)
  A dart slug (D:1)
  38 orcs
  3 ball pythons
  8 bats
  13 endoplasms
  2 giant cockroaches
  10 goblins
  4 hobgoblins
  4 jackals (D:4)
  4 frilled lizards
  A gnoll zombie (Ossuary)
  A goblin zombie (D:4)
  A hobgoblin zombie (D:4)
  A jackal zombie (Ossuary)
  18 kobolds
  2 kobold zombies (Ossuary)
  An orc zombie (Ossuary)
  9 rats
  2 rat zombies (Ossuary)
  A spectral orc (D:3)
256 creatures vanquished.

Vanquished Creatures (others)
  A wight (D:7)
1 creature vanquished.

Grand Total: 257 creatures vanquished

Notes
Turn   | Place    | Note
-------+----------+-------------------------------------------
     0 | D:1      | Newt the Kobold Hunter began the quest for the Orb.
     0 | D:1      | Reached XP level 1. HP: 12/12 MP: 1/1
    16 | D:1      | Reached XP level 2. HP: 19/19 MP: 2/2
   107 | D:1      | Reached XP level 3. HP: 23/23 MP: 3/3
   409 | D:1      | Found Faomuq's Weapon Shop.
   701 | D:2      | Noticed Jessica
   704 | D:2      | Killed Jessica
   705 | D:2      | Reached XP level 4. HP: 30/30 MP: 4/4
   708 | D:2      | Found a faded altar of an unknown god.
  1202 | D:2      | Reached skill level 5 in Fighting
  1295 | D:2      | Found a radiant altar of Vehumet.
  1723 | D:3      | Identified the amulet "Juer" {Faith Str+3}
  1837 | D:3      | Reached XP level 5. HP: 35/35 MP: 5/5
  2034 | D:3      | Reached skill level 6 in Ranged Weapons
  2382 | D:3      | Found a basalt altar of Yredelemnul.
  2791 | D:4      | Reached skill level 7 in Ranged Weapons
  2791 | D:4      | Reached XP level 6. HP: 18/40 MP: 6/6
  2905 | D:4      | Found a sand-covered staircase.
  2913 | Ossuary  | Entered an ossuary
  3089 | Ossuary  | Reached skill level 8 in Ranged Weapons
  3183 | Ossuary  | Reached XP level 7. HP: 41/44 MP: 7/7
  3483 | D:4      | Reached skill level 9 in Ranged Weapons
  3634 | D:4      | Found a hide-covered altar of Uskayaw.
  4033 | D:5      | Entered Level 5 of the Dungeon
  4033 | D:5      | Noticed a water moccasin
  4058 | D:4      | Killed a water moccasin
  4059 | D:4      | Reached skill level 10 in Ranged Weapons
  4334 | D:5      | Reached XP level 8. HP: 33/49 MP: 8/8
  4424 | D:5      | Reached skill level 5 in Dodging
  4797 | D:5      | Identified the +1 spear of Cataclysm {flame, Int+5}
  5590 | D:5      | Found a shimmering altar of Xom.
  6272 | D:6      | Reached XP level 9. HP: 59/59 MP: 9/9
  6346 | D:6      | Found a staircase to the Ecumenical Temple.
  6433 | Temple   | Entered the Ecumenical Temple
  6448 | Temple   | Became a worshipper of Warmaster Okawaru
  6688 | D:7      | Reached skill level 11 in Ranged Weapons
  6760 | D:7      | Found a stormy altar of Qazlal.
  6934 | D:7      | Noticed a hornet
  6949 | D:7      | Found a flagged portal.
  6962 | Bailey   | Entered a bailey
  7272 | Bailey   | Reached skill level 12 in Ranged Weapons
  7716 | Bailey   | Reached * piety under Okawaru
  7717 | Bailey   | Reached skill level 13 in Ranged Weapons
  7797 | Bailey   | Noticed an orc knight
  7822 | Bailey   | Killed an orc knight
  7822 | Bailey   | Reached ** piety under Okawaru
  7823 | Bailey   | Reached skill level 14 in Ranged Weapons
  7823 | Bailey   | Reached XP level 10. HP: 27/64 MP: 10/10
  8218 | D:7      | Found a hazy altar of Hepliaklqana.
  8336 | D:7      | Reached skill level 15 in Ranged Weapons
  8531 | D:7      | Reached skill level 5 in Stealth
  8538 | D:7      | Reached *** piety under Okawaru
  8779 | D:8      | Noticed Pikel
  8783 | D:8      | Noticed Erica
  8790 | D:8      | Killed Pikel
  8803 | D:8      | Killed Erica
  8803 | D:8      | Reached **** piety under Okawaru
  8938 | D:8      | Noticed Psyche
  8945 | D:8      | Killed Psyche
  9038 | D:8      | Reached XP level 11. HP: 58/68 MP: 14/14
  9040 | D:8      | Reached ***** piety under Okawaru
  9041 | D:8      | Reached skill level 5 in Invocations
  9790 | D:8      | Received a gift from Okawaru
  9938 | D:8      | Found Nosoug's Distillery.
  9941 | D:8      | Bought 2 potions of mutation for 176 gold pieces
 10446 | D:9      | Noticed Amaemon
 10735 | D:9      | Received a gift from Okawaru
 10937 | D:9      | Noticed a centaur warrior
 10946 | D:9      | Shot with an arrow by a centaur warrior

Illustrated notes

Levels and vault maps discovered:
D:1:      dpeg_arrival_ratfight, layout_rooms, serial_shops, shop,
          minmay_strange_pillars, roderic_serpentine_path
D:2:      layout_basic, hellmonk_ecumenical_altar_inner_sanctum, basic_altar,
          minmay_tromino_v4_c, uniq_jessica
D:3:      layout_loops_ring, yredelemnul_forgotten_temple_becter, st_stairs_1
D:4:      layout_cave_pools, kennysheep_mini, serial_co_window_serial,
          co_window_corner_a, co_window_corner_a, co_window_paths_b,
          co_window_corner_a, co_window_paths_a, co_window_unsneaky_path_e,
          co_window_corner_ca, co_window_corner_b, co_window_paths_c,
          glass_columns_a, glass_columns_a, glass_columns_b, glass_columns_a,
          nicolae_ossuary_entry_giza
D:5:      layout_layer_cave, nicolae_overflow_crystal_walls
D:6:      layout_rooms, lemuel_tele_altar, minmay_temple_entry_nine_rooms
D:7:      layout_cave_pools, mainiacjoe_overflow_cross_hatched,
          nicolae_qazlal_scattered_showers, enter_bailey_5,
          minmay_stone_trees_small, grunt_tough_drop
D:8:      layout_cave_pools, serial_shops, nicolae_shop_tiny_real_fake_doors,
          dreamdust_princess_bridge, uniq_psyche, uniq_pikel, uniq_erica
D:9:      minmay_shrinking_squares, layout_irregular_city, uniq_amaemon
Temple:   nicolae_temple_ecumenical_triangle

Skill      XL: |  1  2  3  4  5  6  7  8  9 10 11 |
---------------+----------------------------------+-----
Fighting       | 3 4 5 8 9 |  9.6
Ranged Weapons | 7 8 10 14 15 | 15.0
Dodging        | 4 5 |  5.0
Stealth        | 9 |  9.0
Invocations    | 4 9 |  9.0

Action                     |  1- 3 |  4- 6 |  7- 9 | 10-12 || total
---------------------------+-------+-------+-------+-------++-------
  Melee: Shortbow          |       |       |       |     1 ||     1
   Fire: Shortbow          |    58 |   214 |   356 |   330 ||   958
    Use: Scroll            |       |     9 |     7 |     7 ||    23
         Potion            |       |       |     6 |       ||     6
 Armour: Leather armour    |     4 |    86 |   137 |     7 ||   234
         Steam dragon scal |       |       |       |    49 ||    49
         Acid dragon scale |       |       |       |    25 ||    25
  Dodge: Dodged            |    16 |   140 |   212 |   146 ||   514

Table legend: (Time is in decaauts)
 A = Elapsed time spent in this place.
 B = Non-inter-level travel time spent in this place.
 C = Inter-level travel time spent in this place.
 D = Time resting spent in this place.
 E = Time spent auto-exploring this place.
 F = Levels seen in this place.
 G = Mean time per level.
                   A        B        C        D        E       F      G
               +--------+--------+--------+--------+--------+-----+--------+
         Total |  10908 |  10626 |    282 |   1919 |   6925 |  12 |  909.0 |
       Dungeon |   9231 |   8979 |    252 |   1260 |   6251 |   9 | 1025.7 |
        Temple |     30 |      1 |     29 |      0 |      0 |   1 |   30.0 |
       Ossuary |    410 |    410 |      0 |      0 |    273 |   1 |  410.0 |
        Bailey |   1235 |   1235 |      0 |    659 |    401 |   1 | 1235.0 |
               +--------+--------+--------+--------+--------+-----+--------+

Top non-repeatable levels by time:
     D:5: 1629 daAuts
     D:8: 1383 daAuts
     D:4: 1380 daAuts
  Bailey: 1235 daAuts
     D:2: 1151 daAuts
     D:7: 845 daAuts
     D:3: 807 daAuts
     D:9: 766 daAuts
     D:6: 690 daAuts
     D:1: 578 daAuts
 Ossuary: 410 daAuts
  Temple: 30 daAuts
